cohdb
Replays
Latest Replays
All Replays
Popular Replays
Top Player Replays
Match Explorer
How It Works
Community
CoH3 Stats
Reddit
Sign in to upload your games and track your stats! →
Sign in with Steam
Match 43542213
Unlisted
Match 43542213
Overview
Messages
Build Orders
End
Kettenkrad Recon Vehicle
Construct Infanterie Kompanie
MG 42 Machine Gun Team
Grenadier Squad
Grenadier Squad
Construct Panzergrenadier Kompanie
Medical Station
Pak 40 Anti-tank Gun Team
Selects Breakthrough Battlegroup
Pioneer Squad
MG 42 Machine Gun Team
Selects Assault Grenadiers
Selects Rapid Production
Construct Panzer Kompanie
Infanterie Officer Quarters
Selects Blitzkrieg
Repair Bunker
Construct Luftwaffe Kompanie
Support Elements
Panzer Officer Quarters
251 Medium Carrier
Luftwaffe Officer Quarters
Panzergrenadier Officer Quarters
MG 42 Machine Gun Team
Wirbelwind Flakpanzer
Side Skirts
Marder III M Tank Destroyer
combat0001
a slut
ConcernedApe
Luck
0
0
Comments
sign in to comment!
No comments posted yet!